 Dungeon Crawl Stone Soup version 0.24.0-125-gc4c63601f3 (webtiles) character file.

Game seed: 14651812057489626962, levelgen mode: deterministic

79 Peloso the Covered (level 4, -3/40 HPs)
             Began as a Minotaur Fighter on Mar 8, 2020.
             Killed from afar by an orc wizard (6 damage)
             ... with a magic dart
             ... on level 3 of the Dungeon.
             The game lasted 00:02:56 (1126 turns).

Peloso the Covered (Minotaur Fighter)               Turns: 1126, Time: 00:02:57

Health: -3/40      AC:  7    Str: 20 (21) XL:     4   Next: 17%
Magic:  3/3        EV:  8    Int:  4 (5)  God:
Gold:   149        SH:  0    Dex:  8      Spells: 3/3 levels left

rFire    . . .     SeeInvis .   a - +0 long sword
rCold    . . .     Gourm    +   c - +0 shield
rNeg     . . .     Faith    .   b - +0 scale mail
rPois    .         Spirit   .   (helmet unavailable)
rElec    .         Reflect  .   (no cloak)
rCorr    +         Harm     .   (no gloves)
MR       .....                  (no boots)
Stlth    ..........             h - amulet of the gourmand
HPRegen  0.00/turn              j - -2 ring of dexterity (curse)
MPRegen  0.08/turn              m - ring of resist corrosion

@: confused
A: retaliatory headbutt, horns 3, inhibited regeneration, MP-powered wands
a: no special abilities


You were on level 3 of the Dungeon.
You were hungry.

You visited 1 branch of the dungeon, and saw 3 of its levels.

You collected 149 gold pieces.

Inventory:

Hand Weapons
 a - a +0 long sword (weapon)
Armour
 b - a +0 scale mail (worn)
 c - a +0 shield (worn)
Jewellery
 h - an amulet of the gourmand (around neck)
 j - a cursed -2 ring of dexterity (left hand)
 m - a ring of resist corrosion (right hand)
Scrolls
 e - a scroll of identify {unknown}
 i - 4 scrolls of teleportation {unknown}
 l - a scroll of remove curse {unknown}
 n - a scroll of fear {unknown}
 p - a scroll of immolation {unknown}
Potions
 d - a potion of might
 g - a potion of magic
 k - a potion of flight
Comestibles
 f - 3 rations


   Skills:
 + Level 4.0 Fighting
 + Level 3.1 Long Blades
 + Level 4.5 Armour
 + Level 1.0 Dodging
 + Level 4.5 Shields


You had 3 spell levels left.
You didn't know any spells.
Your spell library was empty.

Dungeon Overview and Level Annotations

Branches:
Dungeon (3/15)

Altars:


Innate Abilities, Weirdness & Mutations

You reflexively headbutt those who attack you in melee.
You have a pair of large horns on your head.
You do not regenerate when monsters are visible.
You expend magic power (3 MP) to strengthen your wands.


Message History

You headbutt the orc wizard!
The orc wizard is severely wounded.
You block the orc's attack.
The orc wizard hits you but does no damage.
You hear some strange, mumbled words.
You are confused.
The dart slug barely misses you. The orc hits you with a +0 dagger.
* * * LOW HITPOINT WARNING * * *
The orc wizard casts a spell at you. The magic dart hits you.
* * * LOW HITPOINT WARNING * * *
Something hits you but does no damage.
The orc wizard hits you but does no damage.
The orc hits you but does no damage.
Unknown command.
The orc wizard hits you but does no damage.
You hear some strange, mumbled words.
A magic dart appears from out of thin air!
The magic dart hits you.
You die...

.............####.......
.............# #.......
.............# ##......
.........##### #......
..#....## #...... ####.#
#...... #.#### #......
#.o..#### #.......
#@{.....##........
#wo........####...
#.......# #........
........# #.......<
#.......# ........#


You could see an orc wizard, a dart slug and an orc.

Vanquished Creatures
  3 adders (D:2)
  2 oozes
  A worm (D:2)
  2 dart slugs (D:2)
  2 leopard geckos
  An orc (D:3)
  3 bats
  4 goblins
  7 hobgoblins
  A quokka (D:2)
  5 frilled lizards
  3 kobolds (D:2)
  3 rats
37 creatures vanquished.

Notes
Turn   | Place    | Note
-------+----------+-------------------------------------------
     0 | D:1      | Peloso the Minotaur Fighter began the quest for the Orb.
     0 | D:1      | Reached XP level 1. HP: 19/19 MP: 0/0
   199 | D:1      | Reached XP level 2. HP: 27/27 MP: 1/1
   625 | D:2      | Reached XP level 3. HP: 27/33 MP: 2/2
   776 | D:2      | Reached skill level 1 in Dodging
   815 | D:2      | Reached XP level 4. HP: 26/40 MP: 3/3
  1053 | D:2      | Gained mutation: You do not regenerate when monsters are
                  | visible. [potion of mutation]
  1053 | D:2      | Gained mutation: You have a pair of large horns on your
                  | head. [potion of mutation]
  1053 | D:2      | Gained mutation: You expend magic power (3 MP) to
                  | strengthen your wands. [potion of mutation]
  1126 | D:3      | Killed from afar by an orc wizard

Levels and vault maps discovered:
D:1:      onia_arrival_mini_spirals, layout_loops_cross, hex_tiny,
          minmay_misc_feat_five
D:2:      layout_rooms
D:3:      minmay_bubble_buster, layout_rooms, gammafunk_temple_overflow_pools,
          gammafunk_ghost_nasty_kobolds

Skill      XL: |  1  2  3 |
---------------+----------+-----
Armour         | 4 |  4.5
Shields        | 4 |  4.5
Fighting       | 4 |  4.0
Long Blades    | 3 |  3.1
Dodging        | 1 |  1.0

Action                   |  1- 3 |  4- 6 || total
-------------------------+-------+-------++-------
Melee: Long sword        |    51 |    19 ||    70
       Headbutt          |    11 |     2 ||    13
  Use: Potion            |     3 |     2 ||     5
Armor: Scale mail        |    15 |    25 ||    40
Dodge: Dodged            |    28 |    17 ||    45
Block: Shield            |    32 |    25 ||    57
       Rpst.: Long sword |    10 |     4 ||    14
